 Dungeon Crawl Stone Soup version 0.30-a0-859-gf88a04b62d (webtiles) character file.

Game seed: 17408586886568414758

51 Demosthentine the Poker (level 3, -2/24 (28) HPs)
             Began as a Demonspawn Gladiator on Mar 6, 2023.
             Killed by nerve-wracking pain
             ... invoked by an orc priest
              (7 damage)
             ... on level 3 of the Dungeon.
             The game lasted 00:01:30 (1729 turns).

Demosthentine the Poker (Demonspawn Gladiator)      Turns: 1729, Time: 00:01:31

HP:   -2/24 (28)    AC:  3    Str: 22    XL:     3   Next: 58%
MP:   3/3           EV: 13    Int:  9    God:
Gold: 140           SH:  0    Dex: 20    Spells: 2/2 levels left

rFire   . . .      SeeInvis .    a - +0 trident
rCold   . . .      Faith    .    (no shield)
rNeg    . . .      Spirit   .    b - +0 leather armour
rPois   .          Reflect  .    (helmet restricted)
rElec   .          Rampage  .    (no cloak)
rCorr   .                        (no gloves)
Will    .....                    (no boots)
Stlth   +                        (no amulet)
HPRegen 0.24/turn                h - +6 ring of strength
MPRegen 0.16/turn                i - +6 ring of dexterity

@: heavily drained, invisible
A: antennae 1, magic regeneration
a: no special abilities


You were on level 3 of the Dungeon.
You visited 1 branch of the dungeon, and saw 3 of its levels.

You collected 140 gold pieces.

Inventory:

Hand Weapons
 a - a +0 trident (weapon)
Missiles
 d - 3 throwing nets (quivered)
 e - a javelin
Armour
 b - a +0 leather armour (worn)
Jewellery
 h - a +6 ring of strength (left hand)
 i - a +6 ring of dexterity (right hand)
Scrolls
 c - a scroll of vulnerability {unknown}
Potions
 f - a potion of haste
 l - a potion of cancellation {unknown}


   Skills:
 + Level 2.5 Fighting
 + Level 3.1 Polearms
 - Level 1.7 Throwing
 + Level 1.3 Armour
 + Level 3.1 Dodging


You had 2 spell levels left.
You didn't know any spells.
Your spell library contained the following spells:

 Spells                   Type           Power      Damage    Failure   Level
 Necrotise                Necr           0%         1d4       43%         1
 Slow                     Hex            0%         N/A       43%         1
 Confusing Touch          Hex            0%         N/A       80%         3
 Vampiric Draining        Necr           0%         2d6       80%         3
 Agony                    Necr           0%         N/A       100%        5


Dungeon Overview and Level Annotations

Branches:
Dungeon (3/15)

Altars:


Innate Abilities, Weirdness & Mutations

You have a pair of small antennae on your head.
You regenerate magic rapidly.


Message History

You catch the helpless orc completely off-guard!
You puncture the orc!
You kill the orc!
You completely miss the orc.
The orc is almost dead.
The orc closely misses you.
The orc priest mumbles some strange prayers to Beogh against you.
The orc writhes in agony!
The orc dies!
The orc priest closely misses you.
Items here: ))) [[ ††.
You catch the helpless orc priest completely off-guard!
You hit the orc priest.
The orc priest is heavily wounded.
The dart slug barely misses you.
You strike the helpless dart slug from behind!
You puncture the dart slug! You punch the dart slug.
The dart slug is almost dead.
The dart slug launches a dart at something.
You hit the dart slug.
You kill the dart slug!
The orc priest looks satisfied for a moment.
You hit the orc priest.
The orc priest is almost dead.
The orc priest closely misses you.
You barely miss the orc priest.
The orc priest is almost dead.
The orc priest hits you with a +0 dagger of draining.
You feel drained.
You barely miss the orc priest.
The orc priest is almost dead.
The orc priest hits you with a +0 dagger of draining.
* * * LOW HITPOINT WARNING * * *
You feel drained.
* * * LOW HITPOINT WARNING * * *
You barely miss the orc priest.
The orc priest is almost dead.
The orc priest invokes the aid of Beogh against you.
Pain shoots through your body!
You die...

...............#########
........................
........#..#.#.#########
...........#.#.# #
###.##.##.#.#.# #######
.# #. #.##.#.#.. .......
.# #.##.##.#.### ######
.### #####..#.##.#.#
#.... ....
.......#@##.#.#######.###
....
.......o†##.#.#..........
.... .......#...<#
#.#####.##. ....
.......#.##.# #.##. ####
'####.[#.. # #.#..
#..##.# #.### #.. ..
#.... #.. #.. ##### #..
.. #


You could see an orc priest (unable to see you).

Vanquished Creatures
  An adder (D:3)
  2 dart slugs
  5 orcs (D:3)
  2 endoplasms (D:2)
  2 giant cockroaches (D:1)
  3 goblins
  2 hobgoblins
  3 kobolds
  A quokka (D:1)
  2 ball pythons
  2 bats
  5 frilled lizards
  A rat (D:2)
31 creatures vanquished.

Vanquished Creatures (others)
  An orc (D:3)
1 creature vanquished.

Grand Total: 32 creatures vanquished

Notes
Turn   | Place    | Note
-------+----------+-------------------------------------------
     0 | D:1      | Demosthentine the Demonspawn Gladiator began the quest for
                  | the Orb.
     0 | D:1      | Reached XP level 1. HP: 16/16 MP: 1/1
   154 | D:1      | Gained mutation: You regenerate magic rapidly. [demonic
                  | ancestry]
   154 | D:1      | Reached XP level 2. HP: 12/22 MP: 2/2
   481 | D:1      | Found a faded altar of an unknown god.
  1213 | D:2      | Reached skill level 1 in Armour
  1489 | D:3      | Gained mutation: You have a pair of small antennae on your
                  | head. [demonic ancestry]
  1489 | D:3      | Reached XP level 3. HP: 28/28 MP: 3/3
  1729 | D:3      | Killed from afar by an orc priest

Illustrated notes

Levels and vault maps discovered:
D:1:      minmay_arrival_five_plusses, layout_basic,
          ebering_ecumenical_altar_webs
D:2:      layout_basic, kennysheep_small_spiral, minmay_tromino_v2
D:3:      layout_basic, minmay_shallow_snake_nest, uniq_crazy_yiuf_cottage,
          uniq_sigmund, uniq_ijyb

Skill      XL: |  1  2 |
---------------+-------+-----
Polearms       | 3 |  3.1
Dodging        | 3 |  3.1
Armour         | 1 |  1.3
Fighting       | |  2.5
Throwing       | |  1.7

Action                     || total
---------------------------++-------
  Melee: Trident           ||   106
         Punch             ||     2
    Use: Scroll            ||     3
         Potion            ||     1
   Stab: Sleeping          ||     3
         Invisible         ||     3
 Armour: Leather armour    ||    11
  Dodge: Dodged            ||    47

Table legend: (Time is in decaauts)
 A = Elapsed time spent in this place.
 B = Non-inter-level travel time spent in this place.
 C = Inter-level travel time spent in this place.
 D = Time resting spent in this place.
 E = Time spent auto-exploring this place.
 F = Levels seen in this place.
 G = Mean time per level.
                   A        B        C        D        E       F      G
               +--------+--------+--------+--------+--------+-----+--------+
         Total |   1743 |   1694 |     49 |      0 |   1463 |   3 |  581.0 |
       Dungeon |   1743 |   1694 |     49 |      0 |   1463 |   3 |  581.0 |
               +--------+--------+--------+--------+--------+-----+--------+

Top non-repeatable levels by time:
     D:2: 847 daAuts
     D:1: 645 daAuts
     D:3: 250 daAuts
